 Dungeon Crawl Stone Soup version 0.22.1-1-ga44c0e56f4 (webtiles) character file.

660 Riddle the Magician (level 7, -5/46 HPs)
             Began as a Mummy Necromancer on Oct 8, 2018.
             Was an Initiate of Ashenzari.
             Slain by an ogre
             ... wielding a +0 giant spiked club
              (27 damage)
             ... on level 5 of the Dungeon.
             The game lasted 00:11:42 (5621 turns).

Riddle the Magician (Mummy Necromancer)             Turns: 5621, Time: 00:11:42

Health: -5/46      AC:  7    Str: 11    XL:     7   Next: 30%
Magic:  16/17      EV: 12    Int: 17    God:    Ashenzari [......]
Gold:   188        SH:  0    Dex: 12    Spells: 16/20 levels left

rFire    x . .     SeeInvis .   d - +0 falchion
rCold    + . .     Gourm    .   (no shield)
rNeg     + + +     Faith    .   k - +1 robe {MR+}
rPois    ∞         Spirit   .   g - +2 helmet (curse)
rElec    .         Reflect  .   (no cloak)
rCorr    .         Harm     .   j - +0 pair of gloves (curse)
MR       +....                  (no boots)
Stlth    ++........             (no amulet)
HPRegen  0.15/turn              f - ring of positive energy
MPRegen  0.15/turn              (no ring)

@: no status effects
A: no food or potions, fire vulnerability, cold resistance 1, negative energy
resistance 3, torment resistance, unbreathing
a: Curse Item, Renounce Religion


You were on level 5 of the Dungeon.
You worshipped Ashenzari.
Ashenzari was noncommittal.
You were not hungry.

You visited 1 branch of the dungeon, and saw 5 of its levels.

You collected 188 gold pieces.

Inventory:

Hand Weapons
 d - a +0 falchion (weapon)
Armour
 g - a cursed +2 helmet (worn)
 j - a cursed +0 pair of gloves (worn)
 k - a +1 robe of magic resistance (worn)
Jewellery
 f - a ring of positive energy (left hand)
Wands
 i - a wand of acid (7)
Scrolls
 b - 2 scrolls of identify
 c - a scroll of enchant weapon
 e - 4 scrolls of teleportation
 h - 3 scrolls of enchant armour {unknown}
 l - a scroll of magic mapping


   Skills:
 - Level 1.5 Dodging
 - Level 1.5 Stealth
 + Level 7.2 Spellcasting
 + Level 6.9 Necromancy


You had 16 spell levels left.
You knew the following spells:

 Your Spells              Type           Power        Failure   Level  Hunger
a - Pain                  Necr           ####         1%          1    N/A
b - Vampiric Draining     Necr           ####......   1%          3    N/A

Your spell library contained the following spells:

 Spells                   Type           Power        Failure   Level  Hunger
 Animate Skeleton         Necr           N/A          1%          1    N/A
 Animate Dead             Necr           N/A          6%          4    N/A
 Regeneration             Chrm/Necr      Unusable     N/A         3    N/A

Dungeon Overview and Level Annotations

Branches:
Dungeon (5/15)
 Temple: D:4-7

Altars:
Ashenzari
Dithmenos
Elyvilon
Fedhas
Gozag
Nemelex Xobeh
Ru
Trog
Xom
Yredelemnul

Annotations:
D:2 Grinder
D:4 2 transporters, ALW's ghost, amateur OgWz
D:5 exclusions: ogre and 2 orc priests


Innate Abilities, Weirdness & Mutations

You do not eat or drink.
Your flesh is vulnerable to fire.
You are immune to poison.
Your flesh is cold resistant. (rC+)
You are immune to negative energy. (rN+++)
You are immune to unholy pain and torment.
You can survive without breathing.


Message History

Confirm with . or Enter, or press ? or * to list all spells.
Aiming: Pain (safe; 1% risk of failure)
Press: ? - help, Shift-Dir - straight line, f/p - ogre
Aim: an ogre, wielding a giant spiked club (moderately wounded, chance to The ogre writhes in agony!
Casting: Pain (safe; 1% risk of failure)
Confirm with . or Enter, or press ? or * to list all spells.
Aiming: Pain (safe; 1% risk of failure)
Press: ? - help, Shift-Dir - straight line, f/p - ogre
Aim: an ogre, wielding a giant spiked club (moderately wounded, chance to The ogre writhes in agony!
The ogre hits you with a giant spiked club!!
Ouch! That really hurt!
Items here: ))) [[ a +0 robe; an uncursed dagger; an uncursed whip; an uncursed scale mail an uncursed trident
There is a stone staircase leading up here.
The ogre hits you with a giant spiked club!!
Ouch! That really hurt!
You die...

# ##.##....#.# #.......# #
##.#####...## ##......## #
##...## ##...### #....#o.# #
#.....#####....## #..###..##
###.#.....####....###### ##..##
##.##......# ##....## ##..##
#..##%..(>## ##....## ##o.##
..####...## ##.....## ##.... .##
#..## ##.@O..o.## #...## ## #.##
##.........## ##..### .### ###
##...........###..###. ...##
#.................##.. ....##
##................###.. .....###
##............#.........
##.....###..........!.###........
#......##...........###..###....
#........#........####..## #....


You could see an ogre and an orc.

Vanquished Creatures
  A black bear (D:4)
  A water moccasin zombie (D:5)
  A crimson imp (D:4)
  A hound (D:5)
  An orc priest (D:5)
  An orc wizard (D:5)
  2 iguanas (D:4)
  Terence (D:3)
  Natasha (thrice) (D:2)
  3 worker ants
  Robin (D:2)
  4 adders
  An ooze (D:5)
  A worm (D:2)
  3 leopard geckos (D:1)
  8 orcs
  4 ball pythons
  6 bats
  3 giant cockroaches
  15 goblins
  11 hobgoblins
  17 jackals
  3 quokkas
  7 frilled lizards
  3 kobolds
  A quokka skeleton (D:4)
  8 rats
111 creatures vanquished.

Notes
Turn   | Place    | Note
-------+----------+-------------------------------------------
     0 | D:1      | Riddle the Mummy Necromancer began the quest for the Orb.
     0 | D:1      | Reached XP level 1. HP: 13/13 MP: 4/4
   189 | D:1      | Reached skill level 3 in Spellcasting
   254 | D:1      | Reached XP level 2. HP: 19/19 MP: 0/6
   968 | D:2      | Reached XP level 3. HP: 24/24 MP: 6/8
  1005 | D:2      | Found a white marble altar of Elyvilon.
  1023 | D:2      | Noticed Natasha
  1029 | D:2      | Killed Natasha
  1029 | D:2      | Reached skill level 4 in Spellcasting
  1079 | D:2      | Noticed Natasha
  1090 | D:2      | Killed Natasha
  1090 | D:2      | Reached XP level 4. HP: 24/30 MP: 6/10
  1245 | D:2      | Reached skill level 5 in Necromancy
  1280 | D:2      | Noticed Natasha
  1287 | D:2      | Killed Natasha
  1732 | D:2      | Noticed Robin
  1734 | D:2      | Reached XP level 5. HP: 35/35 MP: 9/12
  1739 | D:2      | Killed Robin
  1739 | D:2      | Reached skill level 5 in Spellcasting
  2357 | D:3      | Noticed Grinder
  2359 | D:3      | Paralysed by Grinder for 6 turns
  2368 | D:2      | Paralysed by Grinder for 7 turns
  2385 | D:2      | Paralysed by Grinder for 5 turns
  2413 | D:2      | Paralysed by Grinder for 6 turns
  2681 | D:3      | Found a bloodstained altar of Trog.
  2829 | D:3      | Found a faded altar of an unknown god.
  3081 | D:3      | Noticed Terence
  3093 | D:3      | Killed Terence
  3190 | D:3      | Learned a level 3 spell: Vampiric Draining
  3356 | D:3      | Found a sacrificial altar of Ru.
  3512 | D:4      | Noticed a phantom
  3637 | D:4      | Reached XP level 6. HP: 41/41 MP: 7/14
  3695 | D:4      | Found a transporter.
  3695 | D:4      | Noticed ALW's ghost (amateur OgWz)
  3701 | D:4      | Found a transporter.
  4152 | D:4      | Found a shadowy altar of Dithmenos.
  4154 | D:4      | Found an opulent altar of Gozag.
  4158 | D:4      | Found a basalt altar of Yredelemnul.
  4158 | D:4      | Found a shimmering altar of Xom.
  4158 | D:4      | Found a shattered altar of Ashenzari.
  4160 | D:4      | Found a white marble altar of Elyvilon.
  4162 | D:4      | Found a blossoming altar of Fedhas.
  4268 | D:4      | Reached skill level 6 in Spellcasting
  4310 | D:4      | Became a worshipper of Ashenzari the Shackled
  4559 | D:5      | Entered Level 5 of the Dungeon
  4851 | D:5      | Reached XP level 7. HP: 21/46 MP: 17/17
  5028 | D:5      | Found a blossoming altar of Fedhas.
  5063 | D:5      | Reached skill level 7 in Spellcasting
  5197 | D:5      | Found a sparkling altar of Nemelex Xobeh.
  5621 | D:5      | Slain by an ogre

Skill      XL: |  1  2  3  4  5  6  7 |
---------------+----------------------+-----
Spellcasting   | 3 4 5 6 7 |  7.2
Necromancy     | 5 6 |  6.9
Dodging        | |  1.5
Stealth        | |  1.5

Action                   |  1- 3 |  4- 6 |  7- 9 || total
-------------------------+-------+-------+-------++-------
Melee: Unarmed           |       |     3 |       ||     3
       Falchion          |       |   112 |       ||   112
 Cast: Pain              |    56 |   154 |    32 ||   242
       Vampiric Draining |       |     4 |       ||     4
Invok: Curse Item        |       |     2 |       ||     2
  Use: Scroll            |       |     7 |       ||     7
 Stab: Sleeping          |       |     1 |       ||     1
Armor: Robe              |     1 |    49 |     1 ||    51
       Scale mail        |       |    28 |       ||    28
Dodge: Dodged            |    15 |   100 |     2 ||   117
       Rpst.: Falchion   |       |    25 |     1 ||    26
